 Dungeon Crawl Stone Soup version 0.31.0-11-ge490571c62 (webtiles) character file.

Game seed: 17231418596016838166

11699 puppykicker the Brawler (level 11, -5/91 (100) HPs)
             Began as a Troll Enchanter on Jan 27, 2024.
             Was a High Priest of Wu Jian.
             Killed from afar by Nergalle (35 damage)
             ... with a bolt of negative energy
             ... on level 10 of the Dungeon.
             The game lasted 00:31:52 (8337 turns).

puppykicker the Brawler (Troll Enchanter)           Turns: 8337, Time: 00:31:53

HP:   -5/91 (100)   AC:  8    Str: 28    XL:     11   Next: 52%
MP:   11/11         EV:  7    Int: 11    God:    Wu Jian [*****.]
Gold: 697           SH: 13    Dex: 10    Spells: 6/12 levels left

rFire   . .          .
                       - Unarmed
rCold   . . .        o - +0 tower shield
rNeg    . . .        P - +0 steam dragon scales
rPois   .            (helmet restricted)
rElec   .            O - +0 cloak
rCorr   .            (gloves unavailable)
SInv    .            (boots unavailable)
Will    .....        G - amulet of faith {Faith, !P}
Stlth   ++           p - ring of flight
HPRegen 1.15/turn    M - +6 ring of strength
MPRegen 0.12/turn

%: faith
@: flying, drained
A: large, unfitting armour, claws 3, regeneration 1, shaggy fur 1, tough skin 1
a: Renounce Religion, Wall Jump, Serpent's Lash, Heavenly Storm


You were on level 10 of the Dungeon.
You worshipped Wu Jian.
Wu Jian was extremely pleased with you.
You visited 2 branches of the dungeon, and saw 11 of its levels.
You also visited: Ossuary.

You collected 750 gold pieces.
You spent 53 gold pieces at shops.

Inventory:

Hand Weapons
 b - the +1 sling of Qazlal's Castigation {flame, rPois rCorr Str-2 Dex+4}
   (You found it on level 8 of the Dungeon)

   Str-2:     It affects your strength (-2).
   Dex+4:     It affects your dexterity (+4).
   rPois:     It protects you from poison rCorr: It protects you from acid and
   corrosion.
 v - a +3 short sword of venom
Missiles
 g - 10 boomerangs
 i - a curare-tipped dart
 q - 22 poisoned darts
 t - 8 javelins
 H - a throwing net
 L - 9 large rocks (quivered)
Armour
 o - a +0 tower shield (worn)
 O - a +0 cloak (worn)
 P - +0 steam dragon scales (worn)
Jewellery
 p - a ring of flight (left claw)
 F - a ring of protection from fire
 G - an amulet of faith (around neck) {Faith, !P}
 I - an amulet of the acrobat
 M - a +6 ring of strength (right claw)
Wands
 m - a wand of iceblast (11)
 n - a wand of flame (48)
 u - a wand of polymorph (8)
 x - a wand of paralysis (18)
 Q - a wand of acid (5)
Scrolls
 d - a scroll of vulnerability {unknown}
 e - 2 scrolls of immolation {unknown}
 f - 2 scrolls of fog
 j - 2 scrolls of poison {!r}
 l - a scroll of revelation {unknown}
 w - 3 scrolls of teleportation {unknown}
 y - 2 scrolls of enchant weapon
 C - 2 scrolls of noise {unknown}
 J - a scroll of acquirement {unknown}
 N - 2 scrolls of enchant armour
 R - a scroll of fear {unknown}
Potions
 a - 3 potions of haste
 c - a potion of invisibility
 h - 3 potions of curing
 k - a potion of cancellation {unknown}
 r - 3 potions of mutation {!q}
 s - a potion of enlightenment
 z - 2 potions of magic {unknown}
 A - 2 potions of attraction {!q}
 B - a potion of ambrosia
 E - 2 potions of heal wounds {unknown}
 K - 2 potions of degeneration {unknown}
Miscellaneous
 D - a lightning rod (4/4)


   Skills:
 - Level 4.0 Fighting
 - Level 0.7 Short Blades
 - Level 3.0 Throwing
 - Level 1.5 Dodging
 - Level 1.5 Stealth
 + Level 6.5 Shields
 * Level 15.5 Unarmed Combat
 - Level 1.2 Spellcasting
 - Level 2.0 Hexes


You had 6 spell levels left.
You knew the following spells:

 Your Spells              Type           Power      Damage    Failure   Level
d - Tukima's Dance        Hex            5%         N/A       85%         3
t - Confusing Touch       Hex            5%         N/A       85%         3

Your spell library contained the following spells:

 Spells                   Type           Power      Damage    Failure   Level
 Freeze                   Ice            0%         1d3       77%         1
 Sandblast                Erth           0%         2d4       77%         1
 Ensorcelled Hibernation  Hex/Ice        4%         N/A       77%         2
 Dazzling Flash           Conj/Hex       4%         N/A       94%         3
 Frozen Ramparts          Ice            0%         1d1       98%         3
 Hailstorm                Conj/Ice       0%         3d5       98%         3
 Passwall                 Erth           0%         N/A       98%         3
 Stone Arrow              Conj/Erth      0%         3d7       98%         3
 Volatile Blastmotes      Fire/Tloc      0%         2d10      98%         3
 Brom's Barrelling Bould  Conj/Erth      0%         2d3       100%        4
 Dimensional Bullseye     Hex/Tloc       1%         N/A       100%        4
 Iskenderun's Mystic Bla  Conj/Tloc      0%         2d3       100%        4
 Passage of Golubria      Tloc           0%         N/A       100%        4
 Silence                  Hex/Air        1%         N/A       100%        5
 Yara's Violent Unravell  Hex/Alch       1%         3d3       100%        5
 Starburst                Conj/Fire      0%         6d3       100%        6
 Lehudib's Crystal Spear  Conj/Erth      0%         10d2      100%        8
 Maxwell's Capacitive Co  Air            0%         ∞         100%        8


Dungeon Overview and Level Annotations

Branches:
Dungeon (10/15)            Temple (1/1) D:4            Lair (0/5) D:9
    Orc (0/2) D:10        Ossuary (visited)

Altars:
Ashenzari
Cheibriados
Dithmenos
Elyvilon
Fedhas
Gozag
Hepliaklqana
Kikubaaqudgha
Makhleb
Nemelex Xobeh
Okawaru
Qazlal
Ru
Sif Muna
Trog
Uskayaw
Vehumet
Wu Jian
Xom
Yredelemnul
Zin
The Shining One

Shops:
D:7 *

Annotations:
D:10 Nergalle


Innate Abilities, Weirdness & Mutations

You are too large for most types of armour.
You have claws for hands.
Your natural rate of healing is unusually fast.
You are covered in fur. (AC +1)
You have tough skin. (AC +1)


Message History

Nergalle is almost dead.
You block the spectral orc warrior's attack.
The spectral orc warrior closely misses you.
You claw Nergalle!
Nergalle is almost dead.
Nergalle hits you but does no damage.
The spectral orc warrior hits you from afar with a +0 halberd!
You feel drained.
The spectral orc hits you but does no damage.
The spectral orc warrior barely misses you.
You block the spectral orc warrior's attack.
You take 10 damage, and have 89/98 hp.
You barely miss Nergalle.
Nergalle is almost dead.
Nergalle hits you but does no damage.
The spectral orc knight unwields a +0 arbalest.
The spectral orc knight hits you!
The spectral orc warrior hits you from afar with a +0 halberd.
You block the spectral orc's attack.
The spectral orc warrior hits you from afar with a +0 glaive!
You take 23 damage, and have 66/98 hp.
MASSIVE DAMAGE!!
You barely miss Nergalle.
Nergalle is almost dead.
Nergalle hits you but does no damage.
The spectral orc warrior hits you from afar with a +0 halberd.
You block the spectral orc's attack.
The spectral orc warrior hits you from afar with a +0 glaive.
You feel drained.
The spectral orc warrior hits you with a +4 heavy battleaxe!!
* * * LOW HITPOINT WARNING * * *
The spectral orc knight barely misses you.
You take 38 damage, and have 28/96 hp.
MASSIVE DAMAGE!!
You closely miss Nergalle.
Nergalle is almost dead.
Nergalle gestures at you while chanting.
The bolt of negative energy hits you!!
You feel drained.
You die...

.............##### #########..#
.##########..# #..# .# #..# #...
.# #..###################'
.##########..............#.......
.........................#.......
..................########.......
#################.########...8..[
...... .....Zo@........#.....##
...... ......ZZZ.......#....##
...... ......Z..Z....>.+....#
.##### #########..######....##
... .............#.....## ....
.............#...8... #####
########..####....... #..#
#....... #..# #.......


You could see Nergalle, 2 spectral orcs, 3 spectral orc warriors and a spectral
orc knight (summoned).

Levels and vault maps discovered:
D:1:      lemuel_arrival_broad_hall, layout_basic
D:2:      layout_rooms, hellmonk_ecumenical_altar_pennies_from_heaven,
          uniq_robin, uniq_sigmund
D:3:      layout_rooms, nicolae_wormholes, uniq_ijyb
D:4:      layout_basic, minmay_temple_entry_sparse_star,
          mainiacjoe_ossuary_entry_dusty_tomb, serial_rivers,
          chequers_serial_rivers_room_a, chequers_serial_rivers_micro_a,
          chequers_serial_rivers_marsh, chequers_serial_rivers_micro_a,
          chequers_serial_rivers_small_b, uniq_pargi
D:5:      layout_cave_pods, serial_column_ruins, column_ruins_circle_medium,
          column_ruins_circle_medium, column_ruins_columns_dead_end,
          column_ruins_grid_4, column_ruins_open_tiny, column_ruins_open_small
D:6:      layout_basic, uniq_jeremiah
D:7:      layout_cave_pools, serial_gnoll_camp, gnoll_camp_mini_hut,
          gnoll_camp_mini_basic, gnoll_camp_mini_shop, grums_kennel
D:8:      layout_basic, jmf_multi_god_temple, vehumet_altar_wand_db,
          minivault_19, hex_intersection, uniq_pikel, uniq_maurice, uniq_grum
D:9:      layout_irregular_city, minmay_lair_entry_grove,
          kennysheep_small_square
D:10:     layout_long_grid, hiddenorc2_lemuel, kennysheep_path_1, uniq_nergalle,
          uniq_erica, uniq_maggie
Temple:   hellmonk_temple_of_storms

Notes
Turn   | Place    | Note
-------+----------+-------------------------------------------
     0 | D:1      | puppykicker the Troll Enchanter began the quest for the
                  | Orb.
     0 | D:1      | Reached XP level 1. HP: 16/16 MP: 1/1
    12 | D:1      | Identified a +0 hand axe
    27 | D:1      | Reached skill level 1 in Unarmed Combat
   282 | D:1      | Reached XP level 2. HP: 24/24 MP: 2/2
   306 | D:1      | Identified a +0 short sword
   328 | D:1      | Identified a +2 hand axe of venom
   341 | D:1      | Identified a +0 whip
   342 | D:1      | Identified a +0 club
   349 | D:1      | Reached skill level 2 in Unarmed Combat
   708 | D:1      | Identified a +2 short sword of venom
   811 | D:2      | Identified a +0 scythe
   811 | D:2      | Identified a +0 robe
   811 | D:2      | Noticed Sigmund
   830 | D:2      | HP: 6/24 [Sigmund/puff of flame (10)]
   834 | D:2      | Killed Sigmund
   835 | D:2      | Reached skill level 5 in Unarmed Combat
   835 | D:2      | Reached XP level 3. HP: 13/31 MP: 3/3
   835 | D:2      | Reached XP level 4. HP: 16/39 MP: 4/4
   835 | D:2      | Reached XP level 5. HP: 19/45 MP: 5/5
   895 | D:2      | Identified a +0 ring mail
   902 | D:2      | Identified a +0 dagger
   902 | D:2      | Identified a +0 sling
   902 | D:2      | Identified a +0 club
   904 | D:2      | Identified a +4 vampiric spear
   904 | D:2      | Identified a +0 animal skin
   904 | D:2      | Identified a +0 helmet
   904 | D:2      | Noticed Robin
   904 | D:2      | Identified a +0 dagger
   904 | D:2      | Identified a +0 dagger
   905 | D:2      | Identified a +0 club
   905 | D:2      | Identified a +0 club
   905 | D:2      | Identified a +0 club
   974 | D:2      | Killed Robin
  1041 | D:2      | Identified a ring of flight
  1051 | D:2      | Found a faded altar of an unknown god.
  1155 | D:2      | Identified a +0 hand axe
  1242 | D:2      | Identified a +0 hand axe
  1411 | D:3      | Identified a +0 dagger
  1422 | D:3      | Reached XP level 6. HP: 50/53 MP: 6/6
  1438 | D:3      | Reached skill level 6 in Unarmed Combat
  1474 | D:3      | Identified a +0 dagger
  1496 | D:3      | Identified a +0 falchion
  1501 | D:3      | Identified a +0 whip
  1622 | D:3      | Identified a +0 dagger
  1622 | D:3      | Identified a +0 chain mail
  1622 | D:3      | Noticed Ijyb
  1637 | D:3      | Killed Ijyb
  1855 | D:4      | Identified a +0 tower shield
  1867 | D:4      | Found a staircase to the Ecumenical Temple.
  1882 | Temple   | Entered the Ecumenical Temple
  1900 | Temple   | Became a worshipper of the Wu Jian Council
  1946 | D:4      | Identified a +0 whip
  1993 | D:4      | Noticed an ice beast
  1997 | D:4      | Killed an ice beast
  1998 | D:4      | Reached skill level 7 in Unarmed Combat
  2018 | D:4      | Identified a +0 club
  2018 | D:4      | Identified a +0 club
  2020 | D:4      | Identified a +0 halberd
  2020 | D:4      | Identified a +3 whip
  2031 | D:4      | Reached XP level 7. HP: 51/59 MP: 7/7
  2055 | D:4      | Identified a +0 dagger
  2069 | D:4      | Identified the +0 chain mail of Jesanun {^Contam rPois rC++
                  | rCorr}
  2075 | D:4      | Noticed Pargi
  2090 | D:4      | Killed Pargi
  2111 | D:4      | Found a sand-covered staircase.
  2122 | Ossuary  | Entered an ossuary
  2141 | Ossuary  | Reached skill level 8 in Unarmed Combat
  2181 | Ossuary  | Reached * piety under Wu Jian
  2243 | Ossuary  | Reached skill level 9 in Unarmed Combat
  2367 | Ossuary  | Reached XP level 8. HP: 63/67 MP: 8/8
  2454 | Ossuary  | HP: 14/67 [human zombie (4)]
  2460 | Ossuary  | Reached skill level 10 in Unarmed Combat
  2572 | Ossuary  | Identified an amulet of magic regeneration
  2845 | D:4      | Identified a +0 halberd
  3102 | D:4      | Reached ** piety under Wu Jian
  3379 | D:4      | Identified an amulet of faith
  3578 | D:4      | Identified a +0 hand axe
  3578 | D:4      | Identified a +0 chain mail
  3579 | D:5      | Entered Level 5 of the Dungeon
  3611 | D:5      | Reached skill level 11 in Unarmed Combat
  3625 | D:5      | Identified a +0 shortbow
  3763 | D:5      | Identified a +0 club
  3766 | D:5      | Identified a +0 whip
  3771 | D:5      | Identified a +0 halberd
  3774 | D:5      | Identified a +0 flail
  3774 | D:5      | Identified an amulet of the acrobat
  3894 | D:5      | Reached XP level 9. HP: 68/74 MP: 9/9
  3998 | D:5      | Identified a +0 dagger
  3998 | D:5      | Identified a +0 leather armour
  4558 | D:6      | Identified a +0 scimitar
  4558 | D:6      | Identified a +0 robe
  4558 | D:6      | Identified a +0 dire flail
  4558 | D:6      | Identified a +0 robe
  4559 | D:6      | Identified a +0 war axe
  4559 | D:6      | Identified a +0 robe
  4571 | D:6      | Reached skill level 12 in Unarmed Combat
  4625 | D:6      | Identified a +0 flail
  5090 | D:6      | Identified a +0 giant club
  5092 | D:6      | Identified a +4 trident of draining
  5092 | D:6      | Identified a +0 robe
  5092 | D:6      | Identified an orb of guile
  5092 | D:6      | Noticed Jeremiah
  5093 | D:6      | Reached skill level 1 in Throwing
  5157 | D:6      | Killed Jeremiah
  5158 | D:6      | Reached skill level 1 in Fighting
  5291 | D:6      | Identified a +0 halberd
  5291 | D:6      | Identified a +0 robe
  5293 | D:6      | Identified a +4 scimitar
  5293 | D:6      | Identified a +0 robe
  5294 | D:6      | Identified a +0 war axe
  5294 | D:6      | Identified a +0 robe
  5307 | D:6      | Reached skill level 2 in Throwing
  5320 | D:6      | Identified a +2 flail
  5320 | D:6      | Identified a +0 robe
  5344 | D:6      | Reached *** piety under Wu Jian
  5350 | D:6      | Identified a +0 scale mail
  5400 | D:6      | Identified a +0 dagger
  5400 | D:6      | Identified a +0 robe
  5400 | D:6      | Identified a +0 falchion
  5401 | D:6      | Identified a +0 dagger
  5401 | D:6      | Identified a +0 dagger
  5401 | D:6      | Identified a +0 war axe
  5410 | D:6      | Reached skill level 2 in Fighting
  5496 | D:7      | Identified a +6 ring of strength
  5517 | D:7      | Reached skill level 13 in Unarmed Combat
  5571 | D:7      | Identified a +0 club
  5572 | D:7      | Identified a +0 trident
  5572 | D:7      | Identified a +0 ring mail
  5572 | D:7      | Identified a +0 club
  5576 | D:7      | Identified a +0 falchion
  5580 | D:7      | Identified a +2 heavy hand axe
  5583 | D:7      | Identified a +0 flail
  5583 | D:7      | Identified a +0 chain mail
  5591 | D:7      | Reached skill level 3 in Throwing
  5602 | D:7      | Identified a +0 halberd
  5610 | D:7      | Identified a +0 halberd
  5619 | D:7      | Found Ostibut's Assorted Antiques.
  5639 | D:7      | Bought a scroll labelled TAX YWNURCHI for 28 gold pieces
  5639 | D:7      | Bought a metallic white potion for 25 gold pieces
  5648 | D:7      | Identified a ring of protection from fire
  5667 | D:7      | Identified a +0 dagger
  5668 | D:7      | Identified a +0 short sword
  5669 | D:7      | Identified a +0 dagger
  5672 | D:7      | Identified a +0 dagger
  5713 | D:7      | Reached **** piety under Wu Jian
  5714 | D:7      | Reached skill level 1 in Shields
  5714 | D:7      | Reached XP level 10. HP: 71/89 MP: 10/10
  5753 | D:7      | Identified a +0 hand axe
  5837 | D:7      | Identified a +0 spear of flaming
  5837 | D:7      | Identified a +0 animal skin
  5837 | D:7      | Noticed Grum
  5844 | D:7      | Killed Grum
  5886 | D:7      | Identified a +0 halberd
  5890 | D:7      | Reached skill level 3 in Fighting
  6087 | D:8      | Identified a +0 battleaxe
  6087 | D:8      | Identified a +0 plate armour
  6089 | D:8      | Identified a +0 hand axe
  6089 | D:8      | Identified a +0 whip
  6091 | D:8      | Identified a +0 short sword
  6162 | D:8      | Reached skill level 2 in Shields
  6177 | D:8      | Identified 6 scrolls of identify
  6177 | D:8      | Identified a scroll of poison
  6178 | D:8      | Identified a potion of enlightenment
  6179 | D:8      | Identified 2 potions of attraction
  6180 | D:8      | Identified 3 potions of haste
  6181 | D:8      | Identified 2 potions of mutation
  6182 | D:8      | Identified 2 potions of lignification
  6183 | D:8      | Identified 8 potions of curing
  6200 | D:8      | Identified 3 scrolls of enchant weapon
  6201 | D:8      | Identified a scroll of silence
  6212 | D:8      | Reached skill level 3 in Shields
  6217 | D:8      | Identified a +0 dagger
  6217 | D:8      | Identified a +0 cloak
  6217 | D:8      | Noticed Maurice
  6229 | D:8      | Something stole a +3 short sword of venom
  6230 | D:8      | HP: 29/136 [something/iceblast (9)]
  6233 | D:8      | Killed Maurice
  6354 | D:8      | Found a sparkling altar of Nemelex Xobeh.
  6356 | D:8      | Found a hide-covered altar of Uskayaw.
  6587 | D:8      | Identified a +0 robe
  6612 | D:8      | Identified the +1 sling of Qazlal's Castigation {flame,
                  | rPois rCorr Str-2 Dex+4}
  6624 | D:8      | Identified +0 steam dragon scales
  6662 | D:8      | Found a radiant altar of Vehumet.
  6679 | D:8      | Identified a scroll of enchant armour
  6706 | D:8      | Identified a +2 whip of electrocution
  6706 | D:8      | Identified a +0 robe
  6706 | D:8      | Noticed Pikel
  6713 | D:8      | Killed Pikel
  6714 | D:8      | Reached skill level 4 in Shields
  6813 | D:8      | Reached skill level 4 in Fighting
  6978 | D:9      | Reached skill level 14 in Unarmed Combat
  6980 | D:9      | HP: 20/92 [killer bee (5)]
  6982 | D:9      | HP: 9/92 [poisoned by a killer bee]
  6984 | D:9      | HP: 3/138 [yak (10)]
  6984 | D:9      | HP: 1/138 [wyvern (2)]
  6987 | D:9      | Identified 2 potions of ambrosia
  6989 | D:9      | HP: 25/138 [poisoned by a killer bee]
  7013 | D:9      | Reached skill level 5 in Shields
  7022 | D:9      | HP: 21/92 [basilisk (4)]
  7113 | D:9      | Identified a +0 giant club
  7113 | D:9      | Identified a +0 dire flail
  7113 | D:9      | Noticed a two-headed ogre
  7118 | D:9      | Killed a two-headed ogre
  7119 | D:9      | Reached XP level 11. HP: 99/100 MP: 11/11
  7235 | D:9      | Identified 2 scrolls of fog
  7254 | D:9      | Reached ***** piety under Wu Jian
  7275 | D:9      | Reached skill level 15 in Unarmed Combat
  7343 | D:9      | Found a staircase to the Lair.
  7408 | D:9      | Identified a +0 whip
  7408 | D:9      | Identified a +0 short sword
  7408 | D:9      | Identified a +0 club
  7408 | D:9      | Identified a +0 dagger
  7408 | D:9      | Identified a +0 short sword
  7408 | D:9      | Identified a +0 short sword
  7409 | D:9      | Identified a +0 dagger
  7424 | D:9      | Reached skill level 6 in Shields
  7648 | D:9      | Learned a level 3 spell: Tukima's Dance
  7652 | D:9      | Learned a level 3 spell: Confusing Touch
  7794 | D:9      | Identified a +0 hand axe
  7794 | D:9      | Identified a +0 leather armour
  7795 | D:9      | Identified a +0 flail of protection
  7795 | D:9      | Identified a +0 ring mail
  7796 | D:9      | Identified a +0 flail
  7796 | D:9      | Identified a +0 plate armour
  7796 | D:9      | Identified a +0 hand axe
  7829 | D:10     | Entered Level 10 of the Dungeon
  7848 | D:10     | Identified a +0 orcbow
  7867 | D:10     | Identified a +0 hand axe
  7867 | D:10     | Identified a +0 chain mail
  7867 | D:10     | Identified a +0 falchion
  7867 | D:10     | Identified a +1 leather armour of fire resistance
  7868 | D:10     | Identified a +0 hand axe
  7868 | D:10     | Identified a +0 club
  7868 | D:10     | Identified a +0 club
  7869 | D:10     | Identified a +0 dagger
  7869 | D:10     | Identified a +0 robe
  7869 | D:10     | Identified a +0 dagger
  7869 | D:10     | Identified a +0 hand axe
  7869 | D:10     | Identified a +0 leather armour
  7911 | D:10     | Found a staircase to the Orcish Mines.
  7925 | D:10     | Identified a +0 long sword
  7930 | D:10     | Identified a +1 dagger of venom
  7930 | D:10     | Identified a +0 robe
  7930 | D:10     | Identified a +0 dagger
  7930 | D:10     | Identified a +0 flail
  7930 | D:10     | Identified a +0 club
  7930 | D:10     | Identified a +0 ring mail
  7930 | D:10     | Identified a +0 dagger
  7930 | D:10     | Identified a +0 falchion
  7931 | D:10     | Identified a +0 whip
  7931 | D:10     | Identified a +0 flail
  7931 | D:10     | Identified a +0 leather armour
  7964 | D:10     | Identified a +0 dagger of venom
  7964 | D:10     | Identified a +0 robe
  7964 | D:10     | Identified a +0 flail
  7964 | D:10     | Identified a +0 halberd
  7964 | D:10     | Identified a +0 plate armour
  7966 | D:10     | Identified a +0 club
  7975 | D:10     | Identified a +0 hand axe
  8088 | D:10     | Identified a +0 whip
  8088 | D:10     | Identified a +0 plate armour
  8095 | D:10     | Identified a +0 flail
  8095 | D:10     | Identified a +0 scale mail
  8096 | D:10     | Identified a +0 club
  8096 | D:10     | Identified a +0 ring mail
  8101 | D:10     | Identified a +0 dagger
  8101 | D:10     | Identified a +0 robe
  8169 | D:10     | Identified a +0 chain mail
  8229 | D:10     | Identified a +0 broad axe
  8229 | D:10     | Identified +0 steam dragon scales
  8229 | D:10     | Noticed Maggie
  8229 | D:10     | Identified a +0 dagger
  8229 | D:10     | Identified a +0 robe
  8229 | D:10     | Noticed Nergalle
  8258 | D:10     | Killed Maggie
  8332 | D:10     | Identified a +4 heavy battleaxe
  8332 | D:10     | Identified a +0 chain mail
  8332 | D:10     | Identified a +0 glaive
  8332 | D:10     | Identified a +0 plate armour
  8332 | D:10     | Identified a +0 club
  8333 | D:10     | Identified a +0 short sword
  8333 | D:10     | Identified a +0 leather armour
  8333 | D:10     | Identified a +0 halberd
  8333 | D:10     | Identified a +0 chain mail
  8333 | D:10     | Identified a +0 arbalest
  8333 | D:10     | Identified a +0 chain mail
  8337 | D:10     | Killed from afar by Nergalle

Table legend: (Time is in decaauts)
 A = Elapsed time spent in this place.
 B = Non-inter-level travel time spent in this place.
 C = Inter-level travel time spent in this place.
 D = Time resting spent in this place.
 E = Time spent auto-exploring this place.
 F = Levels seen in this place.
 G = Mean time per level.
                   A        B        C        D        E       F      G
               +--------+--------+--------+--------+--------+-----+--------+
         Total |   8268 |   7731 |    537 |    838 |   4565 |  12 |  689.0 |
       Dungeon |   7674 |   7172 |    502 |    695 |   4560 |  10 |  767.4 |
        Temple |     36 |      1 |     35 |      0 |      0 |   1 |   36.0 |
       Ossuary |    557 |    557 |      0 |    143 |      5 |   1 |  557.0 |
               +--------+--------+--------+--------+--------+-----+--------+

Top non-repeatable levels by time:
     D:4: 1164 daAuts
     D:5: 967 daAuts
     D:9: 911 daAuts
     D:8: 824 daAuts
     D:6: 823 daAuts
     D:1: 807 daAuts
     D:7: 645 daAuts
     D:2: 581 daAuts
 Ossuary: 557 daAuts
    D:10: 502 daAuts
     D:3: 445 daAuts
  Temple: 36 daAuts

Table legend:
 A = Kills in this place as a percentage of kills in the entire game.
 B = Kills by you in this place as a percentage of kills by you in the entire game.
 C = Kills by friends in this place as a percentage of kills by friends in the entire game.
 D = Other kills in this place as a percentage of other kills in the entire game.
 E = Experience gained in this place as a percentage of experience gained in the entire game.
 F = Experience gained in this place divided by the number of levels of this place that you have seen.
                   A       B       C       D       E      F
               +-------+-------+-------+-------+-------+----------------------
         Total | 100.0 | 100.0 |   N/A |   N/A | 100.0 | 1392.8
       Dungeon |  89.0 |  89.0 |   N/A |   N/A |  93.2 | 1558.3
       Ossuary |  11.0 |  11.0 |   N/A |   N/A |   6.8 | 1130.0
               +-------+-------+-------+-------+-------+----------------------

Skill      XL: |  1  2  3  4  5  6  7  8  9 10 11 |
---------------+----------------------------------+-----
Unarmed Combat | 1 5 7 9 11 13 14 15 | 15.5
Throwing       | 3 |  3.0
Fighting       | 2 4 |  4.0
Shields        | 1 5 6 |  6.5
Short Blades   | |  0.7
Dodging        | |  1.5
Stealth        | |  1.5
Spellcasting   | |  1.2
Hexes          | |  2.0

Action                     |  1- 3 |  4- 6 |  7- 9 | 10-12 || total
---------------------------+-------+-------+-------+-------++-------
  Melee: Unarmed           |    61 |   151 |   360 |   368 ||   940
         Punch             |       |     3 |    11 |       ||    14
   Fire: Sling             |       |       |       |     2 ||     2
  Throw: Javelin           |       |       |     7 |       ||     7
         Large rock        |       |       |     6 |     6 ||    12
Ability: Lunge             |       |     3 |    39 |    27 ||    69
         Whirlwind         |       |       |    36 |    75 ||   111
         Wall Jump         |       |       |       |     1 ||     1
  Evoke: Wand              |       |       |       |    13 ||    13
    Use: Potion            |     1 |       |       |    10 ||    11
         Scroll            |       |       |       |    10 ||    10
   Stab: Sleeping          |     1 |     1 |     2 |       ||     4
         Invisible         |       |       |       |     8 ||     8
         Paralysed         |       |       |       |     8 ||     8
 Armour: Robe              |    50 |    58 |       |       ||   108
         Animal skin       |       |    69 |   195 |    42 ||   306
         Skin              |       |     4 |       |    73 ||    77
         Steam dragon scal |       |       |       |   149 ||   149
  Dodge: Dodged            |    29 |    84 |   106 |    72 ||   291
  Block: Tower shield      |       |       |    27 |   211 ||   238

Vanquished Creatures
  A two-headed ogre (D:9)
  Pikel (D:8)
  Maurice (D:8)
  Jeremiah (D:6)
  Maggie (D:10)
  Sigmund (D:2)
  18 yaks
  A wraith (D:9)
  3 wyverns
  2 steam dragons (D:8)
  2 basilisks (D:9)
  4 vampire mosquitoes (D:8)
  Grum (D:7)
  3 water moccasins
  An acid dragon (D:9)
  Pargi (D:4)
  An ogre (D:6)
  An ice beast (D:4)
  3 orc warriors
  A sky beast (D:7)
  4 black bears
  2 centaurs
  2 lemures (D:8)
  A phantom (D:5)
  2 kobold brigands
  3 bullfrogs (D:7)
  A gnoll sergeant (D:7)
  11 scorpions
  7 wights (D:6)
  16 killer bees
  4 howler monkeys
  4 bombardier beetles
  2 centaur zombies (Ossuary)
  2 human zombies (Ossuary)
  7 hounds
  5 orc priests
  5 iguanas
  3 jellies
  Ijyb (D:3)
  3 scorpion zombies (Ossuary)
  5 sleepcaps
  5 orc wizards
  3 mummies (Ossuary)
  Robin (D:2)
  2 adders
  12 gnolls
  A white imp (D:6)
  An adder zombie (Ossuary)
  8 ribbon worms
  A dart slug (D:1)
  32 orcs
  2 bats
  5 endoplasms
  2 giant cockroaches
  10 goblins
  7 hobgoblins
  5 jackals
  4 quokkas
  7 ball pythons
  4 frilled lizards
  4 gnoll zombies (Ossuary)
  4 jackal zombies (Ossuary)
  15 kobolds
  3 orc zombies (Ossuary)
  7 rats
283 creatures vanquished.
